 Dungeon Crawl Stone Soup version 0.25.0-11-g1f837a76a1 (webtiles) character file.

Game seed: 8954217546115453992

2249 xccam the Slicer (level 9, -2/52 HPs)
             Began as a Tengu Assassin on June 25, 2020.
             Was an Initiate of Vehumet.
             Killed from afar by an orc wizard (4 damage)
             ... with a magic dart
             ... on level 8 of the Dungeon.
             The game lasted 00:10:48 (8185 turns).

xccam the Slicer (Tengu Assassin)                   Turns: 8185, Time: 00:10:49

Health: -2/52      AC:  8    Str: 11    XL:     9   Next: 37%
Magic:  10/10      EV: 17    Int: 22    God:    Vehumet [......]
Gold:   143        SH:  0    Dex: 15    Spells: 8/8 levels left

rFire    . . .     SeeInvis .   a - +2 dagger
rCold    . . .     Gourm    .   (no shield)
rNeg     . . .     Faith    .   b - +0 robe
rPois    .         Spirit   .   i - +2 hat
rElec    .         Reflect  .   c - +0 cloak
rCorr    .         Harm     .   t - +2 pair of gloves
MR       .....                  (boots unavailable)
Stlth    ++++......             (no amulet)
HPRegen  0.17/turn              h - +6 ring of intelligence
MPRegen  0.12/turn              D - ring of stealth

@: marked, flying quickly and evasively, quick
A: beak, talons 3, able to fly
a: Stop Flying, Renounce Religion


You were on level 8 of the Dungeon.
You worshipped Vehumet.
Vehumet was noncommittal.
You were not hungry.

You visited 2 branches of the dungeon, and saw 9 of its levels.

You collected 485 gold pieces.
You spent 342 gold pieces at shops.

Inventory:

Hand Weapons
 a - a +2 dagger (weapon)
 q - a +1 short sword of freezing
Missiles
 d - 37 poisoned darts (quivered)
 e - 2 curare-tipped darts
Armour
 b - a +0 robe (worn)
 c - a +0 cloak (worn)
 i - a +2 hat (worn)
 t - a +2 pair of gloves (worn)
 x - +0 ice dragon scales
Jewellery
 h - a +6 ring of intelligence (left hand)
 D - a ring of stealth (right hand)
Wands
 y - a wand of flame (28)
Scrolls
 k - 3 scrolls of teleportation
 l - a scroll of random uselessness
 n - 5 scrolls of remove curse
 o - a scroll of immolation {unknown}
 p - 3 scrolls of amnesia
 r - 2 scrolls of enchant weapon
 s - a scroll of fear {unknown}
 u - 2 scrolls of blinking
 v - 2 scrolls of magic mapping
 E - a scroll of fog {unknown}
Potions
 g - 3 potions of curing
 j - 3 potions of haste
 m - a potion of heal wounds {unknown}
 w - a potion of might
 A - a potion of ambrosia {unknown}
 B - a potion of brilliance {unknown}
 C - a potion of lignification {unknown}
Comestibles
 f - 15 rations
 z - 7 chunks of flesh


   Skills:
 + Level 4.0 Fighting
 - Level 10.0 Short Blades
 - Level 6.0 Throwing
 + Level 3.5 Armour
 + Level 3.8 Dodging
 - Level 4.0 Stealth


You had 8 spell levels left.
You didn't know any spells.
Your spell library was empty.

Dungeon Overview and Level Annotations

Branches:
Dungeon (8/15)             Temple (1/1) D:7
   Lair: D:8-11

Altars:
Cheibriados
Dithmenos
Elyvilon
Gozag
Hepliaklqana
Kikubaaqudgha
Nemelex Xobeh
Okawaru
Ru
Sif Muna
Vehumet
Xom
Yredelemnul

Shops:
D:7 =*

Annotations:
D:8 Harold


Innate Abilities, Weirdness & Mutations

You have a beak for a mouth.
You have claws for feet.
You can fly continuously.


Message History

A hornet zombie comes into view.
The orc wizard looks encouraged for a moment.
The hornet zombie hits you!
* * * LOW HITPOINT WARNING * * *
The hornet zombie hits you but does no damage.
The hornet zombie closely misses you.
The orc wizard miscasts a cantrip.
The hornet zombie hits you but does no damage.
The orc wizard casts a spell.
The orc wizard flickers and vanishes!
Deactivating autopickup; reactivate with Ctrl-A.
The hornet zombie misses you.
A puff of frost appears from out of thin air!
The puff of frost misses you.
A puff of frost appears from out of thin air!
The puff of frost misses you. The hornet zombie hits you.
* * * LOW HITPOINT WARNING * * *
A magic dart appears from out of thin air!
The magic dart hits you.
You die...

#....### #.###.. ###......##
#.##... #.........##
###.#...###.##.##....##
###........#..#...#.....#
###..........#...........<.
###................._........
##.........[......รท...........
#............@.....#...#......
#
#............Z...#.##.##......
#
#...............##...........#
#
#..............#####...##....#
####............### ###########
............{.###
...........o### .##########..#
.#########...##


You could see an orc warrior and a hornet zombie.

Vanquished Creatures
  Grinder (D:2)
  A water moccasin (D:5)
  A sky beast (D:7)
  An orc warrior (D:7)
  A phantom (D:5)
  2 centaurs
  4 ogres
  2 bullfrogs
  A water moccasin zombie (D:6)
  2 scorpions
  A howler monkey (D:7)
  4 crimson imps
  2 hounds
  2 jellies (D:6)
  3 orc wizards
  2 orc priests
  A centaur skeleton (D:6)
  Natasha (thrice) (D:3)
  A worker ant (D:6)
  A killer bee zombie (D:6)
  A hound skeleton (D:8)
  A worker ant zombie (D:5)
  11 gnolls
  7 adders
  A shadow imp (D:7)
  An ooze (D:2)
  A worm zombie (D:7)
  An adder skeleton (D:4)
  A worm (D:2)
  2 dart slugs (D:1)
  6 leopard geckos
  17 orcs
  4 giant cockroaches
  9 goblins
  8 hobgoblins
  3 quokkas
  A ball python (D:1)
  4 bats
  2 frilled lizards
  A jackal zombie (D:7)
  8 kobolds
  A quokka skeleton (D:4)
  9 rats
136 creatures vanquished.

Notes
Turn   | Place    | Note
-------+----------+-------------------------------------------
     0 | D:1      | xccam the Tengu Assassin began the quest for the Orb.
     0 | D:1      | Reached XP level 1. HP: 12/12 MP: 2/2
   238 | D:1      | Reached XP level 2. HP: 17/17 MP: 3/3
   239 | D:1      | Reached skill level 3 in Short Blades
   752 | D:1      | Reached XP level 3. HP: 21/21 MP: 4/4
  1012 | D:2      | Reached skill level 4 in Short Blades
  1527 | D:3      | Reached XP level 4. HP: 22/26 MP: 5/5
  1676 | D:3      | Found a basalt altar of Yredelemnul.
  1676 | D:3      | Noticed Grinder
  1686 | D:3      | Paralysed by Grinder for 2 turns
  1691 | D:3      | Paralysed by Grinder for 4 turns
  1712 | D:2      | Killed Grinder
  1712 | D:2      | Reached skill level 5 in Short Blades
  1712 | D:2      | Gained mutation: You can fly continuously. [Tengu growth]
  1712 | D:2      | Reached XP level 5. HP: 20/30 MP: 6/6
  1712 | D:2      | Reached XP level 6. HP: 23/35 MP: 7/7
  1903 | D:3      | Noticed Natasha
  1923 | D:3      | Killed Natasha
  1984 | D:3      | Noticed Natasha
  1993 | D:3      | Killed Natasha
  1993 | D:3      | Reached skill level 6 in Short Blades
  2204 | D:3      | Noticed Natasha
  2212 | D:3      | Killed Natasha
  2212 | D:3      | Reached skill level 5 in Throwing
  2336 | D:3      | Reached XP level 7. HP: 32/40 MP: 8/8
  3307 | D:4      | Found a shimmering altar of Xom.
  3619 | D:4      | Found a shimmering altar of Xom.
  3619 | D:4      | Found a shimmering altar of Xom.
  3648 | D:4      | Found a shimmering altar of Xom.
  3770 | D:4      | Reached skill level 7 in Short Blades
  4199 | D:4      | Found a shadowy altar of Dithmenos.
  4756 | D:5      | Entered Level 5 of the Dungeon
  4786 | D:5      | Reached XP level 8. HP: 37/44 MP: 9/9
  4872 | D:5      | Reached skill level 8 in Short Blades
  5323 | D:5      | Reached skill level 9 in Short Blades
  5861 | D:6      | Reached skill level 10 in Short Blades
  6040 | D:6      | Reached skill level 1 in Armour
  6279 | D:6      | Reached XP level 9. HP: 14/49 MP: 10/10
  7268 | D:7      | Found Caeschyrch's Assorted Antiques.
  7285 | D:7      | Bought 2 potions of curing for 132 gold pieces
  7286 | D:7      | Found Manaq's Jewellery Shoppe.
  7305 | D:7      | Bought an uncursed ring of stealth for 210 gold pieces
  7427 | D:7      | Found a staircase to the Ecumenical Temple.
  7675 | Temple   | Entered the Ecumenical Temple
  7737 | Temple   | Became a worshipper of Vehumet
  8053 | D:8      | Found an iron altar of Okawaru.
  8124 | D:8      | Noticed Harold
  8184 | D:8      | HP: 2/52 [hornet zombie (6)]
  8185 | D:8      | Killed from afar by an orc wizard

Illustrated notes

Levels and vault maps discovered:
D:1:      mrwooster_arrival_statue, layout_basic
D:2:      layout_basic, hangedman_decor_opposing, minivault_14, st_stairs_5
D:3:      layout_loops_ring, yredelemnul_altar_generic, uniq_natasha,
          uniq_grinder
D:4:      layout_basic, kennysheep_mini_moat, first_ration,
          hangedman_decor_clover_reticule, xom_redecorated
D:5:      layout_loops_cross
D:6:      layout_basic, minivault_1
D:7:      layout_basic, temple_fountains, enter_ossuary_3, serial_shops,
          nicolae_shop_behind_doors, shop, grunt_ogre_cave
D:8:      layout_cave_pods, basic_altar, okawaru_gym_becter, uniq_harold
Temple:   roderic_octagonal_lattice_temple

Skill      XL: |  1  2  3  4  5  6  7  8  9 |
---------------+----------------------------+-----
Short Blades   | 3 4 5 6 7 10 | 10.0
Throwing       | 4 5 6 |  6.0
Armour         | 1 3 |  3.5
Dodging        | 2 3 |  3.8
Fighting       | 4 |  4.0
Stealth        | |  4.0

Action                   |  1- 3 |  4- 6 |  7- 9 || total
-------------------------+-------+-------+-------++-------
Melee: Dagger            |    72 |    85 |   322 ||   479
       Kick              |    24 |    18 |    65 ||   107
       Peck              |     8 |    15 |    57 ||    80
Throw: Dart              |       |    53 |    74 ||   127
 Abil: Fly               |       |     1 |       ||     1
  Use: Potion            |       |     5 |     1 ||     6
       Scroll            |       |       |     8 ||     8
 Stab: Sleeping          |     5 |       |    17 ||    22
       Distracted        |       |     1 |       ||     1
  Eat: Chunk             |     2 |     2 |    14 ||    18
       Ration            |       |       |     1 ||     1
Armor: Robe              |    21 |    19 |    48 ||    88
Dodge: Dodged            |    47 |    52 |   122 ||   221
